 Dungeon Crawl Stone Soup version 0.31-a0-162-gc4c5a43528 (webtiles) character file.

Game seed: 5015738267982999280

88 qw the Shooter (level 4, -7/40 HPs)
             Began as a Naga Hunter on June 12, 2023.
             Engulfed by a cloud of flame (19 damage)
             ... on level 2 of the Dungeon.
             The game lasted 00:00:31 (1270 turns).

qw the Shooter (Naga Hunter)                        Turns: 1270, Time: 00:00:31

Health: -7/40      AC:  2    Str: 14    XL:     4   Next: 53%
Magic:  4/4        EV:  9    Int:  9    God:
Gold:   61         SH:  0    Dex: 16    Spells: 3/3 levels left

rFire   . . .        Y - +0 shortbow
rCold   . . .        (shield currently unavailable)
rNeg    . . .        c - +0 leather armour
rPois   +            (no helmet)
rElec   .            (no cloak)
rCorr   .            (no gloves)
SInv    +            (no barding)
Will    .....        (no amulet)
Stlth   ++           (no ring)
HPRegen 0.26/turn    (no ring)
MPRegen 0.09/turn

%: no passive effects
@: short of breath, very slow
A: AC +1, large, see invisible, deformed body, poison resistance, slowness 2,
spit poison 1, naga tail 1
a: Spit Poison


You were on level 2 of the Dungeon.
You visited 1 branch of the dungeon, and saw 2 of its levels.

You collected 61 gold pieces.


Innate Abilities, Weirdness & Mutations

Your serpentine skin is tough. (AC +1)
You have supernaturally acute eyesight. (SInv)
Armour fits poorly on your strangely shaped body.
Your system is resistant to poisons. (rPois)
You cover ground very slowly.
You can spit poison.
You have a snake-like lower body.


   Skills:
 + Level 2.8 Fighting
 - Level 5.0 Ranged Weapons
 - Level 1.5 Dodging
 - Level 1.5 Stealth


You had 3 spell levels left.
You didn't know any spells.
Your spell library was empty.

Inventory:

Hand Weapons
 Y - a +0 shortbow (weapon)
Armour
 c - a +0 leather armour (worn)
Scrolls
 a - 2 scrolls of enchant armour
 b - 2 scrolls of identify
Potions
 d - 2 potions of curing {unknown}
 e - a potion of might {unknown}
 g - a potion of brilliance {unknown}
 h - a potion of lignification {unknown}
 i - a potion of degeneration {unknown}
 j - a potion of attraction {unknown}

Dungeon Overview and Level Annotations

Branches:
Dungeon (2/15)

Altars:

Annotations:
D:2 exclusion: bat


Message History

Found an elf skeleton.
Enter note:
Enter note:
Enter note:
Enter note:
Found an ogre skeleton.
Enter note:
Enter note:
Enter note:
Enter note: A bat comes into view.
Found a whip and a human skeleton.
Enter note:
Enter note:
Enter note:
Enter note:
Enter note:
Enter note:
Enter note:
Enter note:
1268 ||| READING scroll labelled FULUD ZUIJO.
As you read the scroll labelled FULUD ZUIJO, it crumbles to dust.
The creatures around you are filled with an inner flame!
It was a scroll of immolation.
Enter note:
Enter note:
Enter note:
Enter note:
Enter note:
Enter note: The bat hits you but does no damage.
1270 ||| INVOKING Spit Poison.
Aiming: Spit Poison (1% risk of failure)
Press: ? - help, Shift-Dir - straight line, f - bat The splash of poison hits the bat.
The bat is poisoned.
The bat explodes!
The fiery explosion engulfs you!!
Ouch! That really hurt!
You are engulfed in blazing flames.
You die...

.#%##
#.....####.#####
.######.....# #......
#%#......#######
#..#### ###) ### #..#
..... %### #..# #.###
#.#########.%# .#%#.
#............#
.###.###.#########.##
#.#.##¤¤@#....%.....#
#......¤¤..#.######.#
###............# #.#
........######.# #.#
######### #.# #.#
#.####.# #......#
########


There were no monsters in sight!

Vanquished Creatures
  5 adders (D:2)
  4 worms (D:2)
  A dart slug (D:1)
  An endoplasm (D:1)
  A giant cockroach (D:2)
  3 goblins (D:1)
  4 hobgoblins
  A kobold (D:2)
  4 ball pythons
  4 bats
  4 frilled lizards
  5 rats
37 creatures vanquished.

Notes
Turn   | Place    | Note
-------+----------+-------------------------------------------
     0 | D:1      | qw the Naga Hunter began the quest for the Orb.
     0 | D:1      | Reached XP level 1. HP: 19/19 MP: 1/1
     0 | D:1      | 0 ||| qw: Version: 0.2-a-29-gc1b59c4
     0 | D:1      | 0 ||| qw: Game counter: 4427
     0 | D:1      | 0 ||| qw: Always use a shield: true
     0 | D:1      | 0 ||| qw: God list: Okawaru
     0 | D:1      | 0 ||| qw: Allow faded altars: false
     0 | D:1      | 0 ||| qw: Do Orc after D:15 true
     0 | D:1      | 0 ||| qw: Do second Lair branch before Depths: true
     0 | D:1      | 0 ||| qw: Lair rune preference: random
     0 | D:1      | 0 ||| qw: Plans: Normal
     0 | D:1      | 0 ||| PLANNING D:1-11
    52 | D:1      | Found a faded altar of an unknown god.
    57 | D:1      | 57 ||| INVOKING Spit Poison.
    92 | D:1      | 92 ||| INVOKING Spit Poison.
   108 | D:1      | 108 ||| INVOKING Spit Poison.
   135 | D:1      | 135 ||| INVOKING Spit Poison.
   140 | D:1      | 140 ||| INVOKING Spit Poison.
   141 | D:1      | Reached skill level 4 in Ranged Weapons
   141 | D:1      | Reached XP level 2. HP: 26/26 MP: 2/2
   233 | D:1      | 233 ||| INVOKING Spit Poison.
   253 | D:1      | 253 ||| INVOKING Spit Poison.
   333 | D:1      | 333 ||| INVOKING Spit Poison.
   439 | D:1      | 439 ||| INVOKING Spit Poison.
   442 | D:1      | 442 ||| INVOKING Spit Poison.
   582 | D:1      | 582 ||| DROPPING scarf of shadows.
   583 | D:1      | 583 ||| READING 3 scrolls labelled BEWAOVO HAPNU.
   584 | D:1      | 584 ||| READING scroll labelled TAZECL ZASYKEC.
   585 | D:1      | 585 ||| READING scroll labelled AFUVIU WIGG.
   586 | D:1      | 586 ||| DRINKING 3 murky green potions.
   694 | D:1      | 694 ||| DROPPING scroll of butterflies.
   695 | D:1      | 695 ||| DROPPING 2 potions of berserk rage.
   752 | D:2      | 752 ||| INVOKING Spit Poison.
   755 | D:2      | 755 ||| INVOKING Spit Poison.
   776 | D:2      | 776 ||| INVOKING Spit Poison.
   780 | D:2      | 780 ||| INVOKING Spit Poison.
   782 | D:2      | Reached XP level 3. HP: 32/32 MP: 3/3
   784 | D:2      | 784 ||| INVOKING Spit Poison.
   791 | D:2      | 791 ||| INVOKING Spit Poison.
   870 | D:2      | 870 ||| INVOKING Spit Poison.
   886 | D:2      | 886 ||| INVOKING Spit Poison.
   904 | D:2      | 904 ||| INVOKING Spit Poison.
   927 | D:2      | 927 ||| INVOKING Spit Poison.
   931 | D:2      | Reached skill level 5 in Ranged Weapons
   940 | D:2      | 940 ||| INVOKING Spit Poison.
   943 | D:2      | Reached XP level 4. HP: 39/39 MP: 4/4
   954 | D:2      | 954 ||| INVOKING Spit Poison.
   958 | D:2      | 958 ||| INVOKING Spit Poison.
   961 | D:2      | 961 ||| INVOKING Spit Poison.
  1050 | D:2      | 1050 ||| INVOKING Spit Poison.
  1110 | D:2      | 1110 ||| INVOKING Spit Poison.
  1114 | D:2      | 1114 ||| INVOKING Spit Poison.
  1134 | D:2      | 1134 ||| INVOKING Spit Poison.
  1143 | D:2      | 1143 ||| INVOKING Spit Poison.
  1148 | D:2      | 1148 ||| INVOKING Spit Poison.
  1180 | D:2      | 1180 ||| INVOKING Spit Poison.
  1219 | D:2      | 1219 ||| INVOKING Spit Poison.
  1234 | D:2      | 1234 ||| INVOKING Spit Poison.
  1238 | D:2      | 1238 ||| INVOKING Spit Poison.
  1268 | D:2      | 1268 ||| READING scroll labelled FULUD ZUIJO.
  1270 | D:2      | 1270 ||| INVOKING Spit Poison.
  1270 | D:2      | Engulfed by a cloud of flame

Levels and vault maps discovered:
D:1:      eino_arrival_tree_alley, layout_loops_ring,
          hellmonk_ecumenical_altar_crossroads
D:2:      layout_loops_ring, serial_shops, nicolae_shop_gibbet_a_chance,
          minmay_close_crescents

Skill      XL: |  1  2  3 |
---------------+----------+-----
Ranged Weapons | 4 5 |  5.0
Fighting       | |  2.8
Dodging        | |  1.5
Stealth        | |  1.5

Action                     |  1- 3 |  4- 6 || total
---------------------------+-------+-------++-------
  Melee: Shortbow          |     5 |       ||     5
   Fire: Shortbow          |    47 |    26 ||    73
Ability: Spit Poison       |    21 |    14 ||    35
    Use: Scroll            |     3 |     1 ||     4
         Potion            |     1 |       ||     1
 Armour: Leather armour    |     2 |     3 ||     5
  Dodge: Dodged            |    13 |     3 ||    16

Table legend:
 A = Non-vault XP
 B = Vault XP
 C = Vault XP percentage of total XP
 D = Non-vault monster count
 E = Vault monster count
 F = Vault count percentage of total count
                 A         B        C        D         E       F
            +---------+---------+-------+---------+---------+-------
      Total |     107 |      21 |  16.4 |      33 |       4 |  10.8
            +---------+---------+-------+---------+---------+-------
        D:1 |      23 |       0 |   0.0 |      14 |       0 |   0.0
        D:2 |      84 |      21 |  20.0 |      19 |       4 |  17.4
            +---------+---------+-------+---------+---------+-------
